 Dungeon Crawl Stone Soup version 0.26-a0-835-g8259106e14 (webtiles) character file.

Game seed: 15063413807611875238

3538 robertstho the Thaumaturge (level 9, -4/46 HPs)
             Began as a Deep Elf Air Elementalist on Nov 17, 2020.
             Was an Elder of Sif Muna.
             Shot with a bolt by an orc knight (21 damage)
             ... in a bailey.
             The game lasted 00:25:40 (12340 turns).

robertstho the Thaumaturge (DEAE)                  Turns: 12340, Time: 00:25:43

Health: -4/46      AC:  5    Str:  5    XL:     9   Next: 82%
Magic:  3/26       EV: 14    Int: 24    God:    Sif Muna [****..]
Gold:   641        SH:  0    Dex: 21    Spells: 13/31 levels left

rFire    . . .     SeeInvis .   y - +2 halberd (elec)
rCold    . . .     Faith    .   (shield currently unavailable)
rNeg     . . .     Spirit   .   a - +0 robe
rPois    .         Reflect  .   e - +0 helmet
rElec    .         Harm     .   c - +0 cloak
rCorr    .         Rampage  .   (no gloves)
MR       .....                  j - +0 pair of boots
Stlth    +++.......             (no amulet)
HPRegen  0.15/turn              G - +6 ring of dexterity
MPRegen  0.20/turn              (no ring)

@: no status effects
A: no striking features
a: Channel Magic, Forget Spell, Divine Exegesis, Renounce Religion


You were in a bailey.
You worshipped Sif Muna.
Sif Muna was greatly pleased with you.
You visited 2 branches of the dungeon, and saw 9 of its levels.
You also visited: Bailey.

You collected 641 gold pieces.

Inventory:

Hand Weapons
 d - a +2 vorpal trident
 n - a +1 trident of freezing
 r - a +1 flail of protection
 y - a +2 halberd of electrocution (weapon)
 C - a +1 dagger of venom
Armour
 a - a +0 robe (worn)
 c - a +0 cloak (worn)
 e - a +0 helmet (worn)
 j - a +0 pair of boots (worn)
Magical Staves
 u - an uncursed staff of earth
Jewellery
 G - a +6 ring of dexterity (left hand)
Wands
 t - a wand of enslavement (12)
 z - a wand of disintegration (6)
 A - a wand of polymorph (10)
 E - a wand of iceblast (6)
Scrolls
 b - 2 scrolls of teleportation
 f - 4 scrolls of magic mapping
 g - 2 scrolls of random uselessness {unknown}
 m - a scroll of remove curse {unknown}
 p - 2 scrolls of enchant armour {unknown}
 w - a scroll of amnesia {unknown}
 x - a scroll of fog {unknown}
 D - a scroll of summoning {unknown}
 F - 2 scrolls of immolation {unknown}
 H - a scroll of enchant weapon {unknown}
 J - a scroll of acquirement {unknown}
Potions
 h - a potion of haste
 i - 2 potions of might
 k - a potion of invisibility
 l - a potion of brilliance
 o - 2 potions of flight {unknown}
 q - a potion of ambrosia {unknown}
 s - 9 potions of curing
 v - 3 potions of mutation
 B - 2 potions of magic


   Skills:
 + Level 0.3 Fighting
 + Level 0.9 Short Blades
 + Level 0.1 Polearms
 + Level 3.3 Dodging
 + Level 3.2 Stealth
 * Level 11.6 Spellcasting
 + Level 2.0 Conjurations
 * Level 9.8 Air Magic
 * Level 5.0 Invocations


You had 13 spell levels left.
You knew the following spells:

 Your Spells              Type           Power        Failure   Level
a - Shock                 Conj/Air       ####         1%          1
b - Swiftness             Air            ######..     1%          2
c - Static Discharge      Conj/Air       #####...     1%          3
d - Airstrike             Air            ######....   1%          4
e - Lightning Bolt        Conj/Air       #####.....   11%         5
f - Frozen Ramparts       Ice            ##....       14%         3

Your spell library contained the following spells:

 Spells                   Type           Power        Failure   Level
 Animate Skeleton         Necr           ##....       4%          1
 Apportation              Tloc           ##....       4%          1
 Corona                   Hex            ##.....      4%          1
 Freeze                   Ice            ##..         4%          1
 Summon Small Mammal      Summ           ##..         4%          1
 Ozocubu's Armour         Ice            ##......     14%         3
 Hailstorm                Conj/Ice       ###.....     30%         4
 Summon Ice Beast         Ice/Summ       ##......     41%         4


Dungeon Overview and Level Annotations

Branches:
Dungeon (8/15)             Temple (1/1) D:6          Bailey (1/1)
   Lair: D:8-11

Altars:
Ashenzari
Gozag
Makhleb
Nemelex Xobeh
Okawaru
Ru
Sif Muna
Trog
Vehumet
Wu Jian
Xom
Yredelemnul

Shops:
D:5 (   D:6 [

Annotations:
D:6 482 cloak


Message History

The air twists around and strikes the orc knight!
The orc knight is heavily wounded.
Unknown command.
Casting: Airstrike (dangerous; 1% risk of failure)
Confirm with . or Enter, or press ? or * to list all spells.
Aiming: Airstrike (dangerous; 1% risk of failure)
Press: ? - help, Dir - move target cursor, f/p - orc knight
Aim: an orc knight, wielding a +0 arbalest, wearing a +2 chain mail of cold resistance and quivering 14 bolts (heavily wounded)
The air twists around and strikes the orc knight!
The orc knight is severely wounded.
The orc knight shoots a bolt.
The bolt hits you!!
Casting: Airstrike (dangerous; 1% risk of failure)
Confirm with . or Enter, or press ? or * to list all spells.
Aiming: Airstrike (dangerous; 1% risk of failure)
Press: ? - help, Dir - move target cursor, f/p - orc knight
Aim: an orc knight, wielding a +0 arbalest, wearing a +2 chain mail of cold resistance and quivering 13 bolts (severely wounded)
The air twists around and strikes the orc knight!
The orc knight is almost dead.
The orc knight shoots a bolt.
The bolt hits you!!
You die...

## ### ##### ### ###
#.# #.###@')###.###∩#
#'##'##'###'##'##'##
#.....## ##))...##
###.(o(.#####.((..###
#.(..⌠..'.#.'..∩(.'.#
###..(..#####...(.###
##(()..# ##.....##
##'##'##'###'##'##'##
#)###.# #.#÷###.###.#


You could see an orc knight.

Vanquished Creatures
  Grinder (D:6)
  2 orc warriors (D:7)
  3 phantoms
  A sky beast (D:7)
  A black bear (D:7)
  2 ogres (D:6)
  5 big kobolds (D:6)
  4 bullfrogs
  A scorpion (D:5)
  5 howler monkeys
  6 electric eels (D:6)
  4 wights (D:6)
  A bullfrog zombie (D:8)
  A jelly (D:6)
  4 orc priests
  3 hounds
  A centaur skeleton (D:5)
  9 orc wizards
  An iguana (D:6)
  Ijyb (D:4)
  7 worker ants
  A hound zombie (D:5)
  A hound skeleton (D:8)
  A worker ant zombie (D:5)
  21 gnolls
  5 adders
  2 howler monkey skeletons
  2 shadow imps
  2 ufetubi
  2 adder skeletons
  2 worms
  4 dart slugs
  2 leopard geckos
  23 orcs
  3 ball pythons
  8 bats
  8 giant cockroaches
  9 goblins
  23 hobgoblins
  7 jackals (D:1)
  56 kobolds
  4 quokkas
  4 frilled lizards
  A jackal skeleton (D:5)
  4 rats
258 creatures vanquished.

Notes
Turn   | Place    | Note
-------+----------+-------------------------------------------
     0 | D:1      | robertstho the Deep Elf Air Elementalist began the quest
                  | for the Orb.
     0 | D:1      | Reached XP level 1. HP: 10/10 MP: 6/6
   208 | D:1      | Reached XP level 2. HP: 13/15 MP: 1/8
   352 | D:1      | Learned a level 2 spell: Swiftness
   697 | D:1      | Reached XP level 3. HP: 19/19 MP: 7/9
  1839 | D:2      | Reached XP level 4. HP: 24/24 MP: 4/11
  1877 | D:2      | Reached skill level 4 in Spellcasting
  2136 | D:3      | Learned a level 3 spell: Static Discharge
  2141 | D:3      | Learned a level 4 spell: Airstrike
  3050 | D:3      | You fall into a shaft and drop 2 floors!
  3050 | D:5      | Entered Level 5 of the Dungeon
  3064 | D:5      | Reached XP level 5. HP: 17/28 MP: 7/14
  3070 | D:5      | Reached skill level 5 in Spellcasting
  3079 | D:5      | Found a sparkling altar of Nemelex Xobeh.
  3443 | D:5      | Reached XP level 6. HP: 14/32 MP: 3/16
  3775 | D:5      | You fall into a shaft and drop 2 floors!
  3953 | D:6      | Reached skill level 6 in Spellcasting
  3974 | D:6      | Reached skill level 5 in Air Magic
  4303 | D:6      | Found a staircase to the Ecumenical Temple.
  4315 | Temple   | Entered the Ecumenical Temple
  4350 | Temple   | Became a worshipper of Sif Muna the Loreminder
  4385 | D:6      | Reached XP level 7. HP: 36/36 MP: 10/19
  4505 | D:6      | Found Desan's Antique Armour Emporium.
  4685 | D:6      | Reached skill level 7 in Spellcasting
  4693 | D:6      | Reached skill level 1 in Invocations
  5307 | D:6      | Noticed Grinder
  5311 | D:6      | Killed Grinder
  5312 | D:6      | Reached skill level 8 in Spellcasting
  5621 | D:6      | Reached XP level 8. HP: 27/41 MP: 13/22
  6071 | D:6      | Reached * piety under Sif Muna
  6072 | D:6      | Reached skill level 9 in Spellcasting
  6818 | D:5      | Found Ciwuick's Antique Weapon Boutique.
  7560 | D:4      | Noticed Ijyb
  7562 | D:4      | Killed Ijyb
  7713 | D:4      | Reached ** piety under Sif Muna
  8603 | D:6      | Reached skill level 10 in Spellcasting
  8603 | D:6      | Reached XP level 9. HP: 45/45 MP: 14/25
  9271 | D:6      | Reached *** piety under Sif Muna
  9882 | D:7      | Found a sacrificial altar of Ru.
 10126 | D:7      | Reached skill level 11 in Spellcasting
 10880 | D:7      | Learned a level 5 spell: Lightning Bolt
 10884 | D:7      | Learned a level 3 spell: Frozen Ramparts
 11607 | D:8      | Found a flagged portal.
 11616 | Bailey   | Entered a bailey
 11638 | Bailey   | Reached **** piety under Sif Muna
 12184 | Bailey   | Reached skill level 5 in Invocations
 12333 | Bailey   | Noticed an orc knight
 12340 | Bailey   | Shot with a bolt by an orc knight

Illustrated notes

Levels and vault maps discovered:
D:1:      arrival_zaba_pyramid, layout_basic
D:2:      layout_rooms, minmay_misc_feat_room, minmay_misc_feat_rows,
          minmay_hexomino_p4, uniq_sigmund
D:3:      layout_basic
D:4:      layout_loops_ring, uniq_ijyb
D:5:      layout_gridville, serial_shops, shop_coins, basic_altar,
          minmay_fractal_squares_5
D:6:      minmay_goblin_kobold_castle, layout_cave_pods, temple_pool_b,
          serial_shops, shop, uniq_grinder
D:7:      layout_basic, kennysheep_mini, serial_aquarium,
          aquarium_bridge_long_joined [aquarium_subvault_bridge,
          aquarium_subvault_wall, aquarium_subvault_wall,
          aquarium_subvault_bridge, aquarium_subvault_bridge,
          aquarium_subvault_window], aquarium_bridge_square
          [aquarium_subvault_bridge, aquarium_subvault_balcony,
          aquarium_subvault_balcony, aquarium_subvault_bridge],
          aquarium_window_fake, aquarium_window_1, aquarium_window_fake,
          aquarium_window_fake, aquarium_view_2e, aquarium_view_2c,
          aquarium_balcony_3a, aquarium_pool_corner
D:8:      layout_loops_ring, enter_bailey_8, gammafunk_ghost_wrathful_warriors
Temple:   compressed_dpeg_triangle_lava_temple
Bailey:   bailey_axe_2, bailey

Skill      XL: |  1  2  3  4  5  6  7  8  9 |
---------------+----------------------------+-----
Air Magic      | 4 5 6 8 9 |  9.8
Spellcasting   | 4 5 6 8 10 11 | 11.6
Dodging        | 3 |  3.3
Stealth        | 3 |  3.2
Invocations    | 1 3 5 |  5.0
Conjurations   | 2 |  2.0
Fighting       | |  0.3
Short Blades   | |  0.9
Polearms       | |  0.1

Action                   |  1- 3 |  4- 6 |  7- 9 || total
-------------------------+-------+-------+-------++-------
Melee: Unarmed           |    10 |       |       ||    10
       Dagger            |       |    60 |    85 ||   145
       Halberd           |       |       |    17 ||    17
 Cast: Shock             |    86 |    29 |    25 ||   140
       Static Discharge  |       |     4 |     5 ||     9
       Airstrike         |       |    25 |   203 ||   228
       Swiftness         |       |       |     1 ||     1
Invok: Channel Magic     |       |       |     2 ||     2
  Use: Potion            |     1 |     3 |     2 ||     6
       Scroll            |       |     5 |     6 ||    11
 Stab: Sleeping          |       |     3 |     4 ||     7
Armor: Robe              |     6 |    15 |    24 ||    45
Dodge: Dodged            |    21 |    53 |    85 ||   159

Table legend: (Time is in decaauts)
 A = Elapsed time spent in this place.
 B = Non-inter-level travel time spent in this place.
 C = Inter-level travel time spent in this place.
 D = Time resting spent in this place.
 E = Time spent auto-exploring this place.
 F = Levels seen in this place.
 G = Mean time per level.
                   A        B        C        D        E       F      G
               +--------+--------+--------+--------+--------+-----+--------+
         Total |  12357 |  12172 |    185 |   2202 |   8446 |  10 | 1235.7 |
       Dungeon |  11581 |  11405 |    176 |   2080 |   7947 |   8 | 1447.6 |
        Temple |     44 |     35 |      9 |      0 |     19 |   1 |   44.0 |
        Bailey |    731 |    731 |      0 |    122 |    480 |   1 |  731.0 |
               +--------+--------+--------+--------+--------+-----+--------+

Top non-repeatable levels by time:
     D:6: 3469 daAuts
     D:7: 1929 daAuts
     D:5: 1850 daAuts
     D:1: 1739 daAuts
     D:3: 1124 daAuts
     D:4: 1076 daAuts
  Bailey: 731 daAuts
     D:8: 205 daAuts
     D:2: 184 daAuts
  Temple: 44 daAuts
